 Dungeon Crawl Stone Soup version 0.31.0-11-ge490571c62 (webtiles) character file.

Game seed: 2093853821191384603

35 qw the Shooter (level 3, -1/20 HPs)
             Began as a Deep Elf Hunter on Feb 4, 2024.
             Succumbed to an adder's poison
             ... on level 2 of the Dungeon.
             The game lasted 00:00:02 (567 turns).

qw the Shooter (Deep Elf Hunter)                     Turns: 567, Time: 00:00:03

Health: -1/20      AC:  5    Str: 10    XL:     3   Next: 17%
Magic:  5/5        EV:  8    Int: 13    God:
Gold:   22         SH:  0    Dex: 18    Spells: 2/2 levels left

rFire   . . .        a - +0 shortbow
rCold   . . .        (shield currently unavailable)
rNeg    + . .        e - +0 ring mail
rPois   .            (no helmet)
rElec   .            (no cloak)
rCorr   .            (no gloves)
SInv    .            (no boots)
Will    .....        (no amulet)
Stlth   +            d - ring of positive energy
HPRegen 0.23/turn    (no ring)
MPRegen 0.09/turn

%: no passive effects
@: lethally poisoned (-1 -> -6), constricted
A: no striking features
a: no special abilities


You were on level 2 of the Dungeon.
You visited 1 branch of the dungeon, and saw 2 of its levels.

You collected 22 gold pieces.


   Skills:
 - Level 1.5 Fighting
 + Level 6.8 Ranged Weapons
 - Level 2.4 Dodging
 - Level 1.2 Stealth


You had 2 spell levels left.
You didn't know any spells.
Your spell library was empty.

Inventory:

Hand Weapons
 a - a +0 shortbow (weapon)
Armour
 e - a +0 ring mail (worn)
Jewellery
 d - a ring of positive energy (left hand)
Potions
 h - a potion of mutation

Dungeon Overview and Level Annotations

Branches:
Dungeon (2/15)

Altars:


Message History

The adder barely misses you.
You have reached level 3!
Your experience leads to an increase in your attributes!
Increase (S)trength, (I)ntelligence, or (D)exterity?
You feel stronger. x2
You shoot an arrow. The arrow hits the ball python.
The ball python is severely wounded.
The adder barely misses you.
The ball python bites you but does no damage.
The ball python constricts you.
You shoot an arrow.
The arrow completely misses the ball python.
The adder barely misses you.
The ball python bites you but does no damage.
The ball python constricts you. The adder bites you.
You are poisoned.
The adder poisons you!
The ball python bites you but does no damage.
The ball python constricts you.
You shoot an arrow.
The arrow barely misses the ball python.
You feel sick. The adder bites you but does no damage.
The ball python bites you but does no damage.
The ball python constricts you.
You shoot an arrow.
The arrow barely misses the ball python.
You feel sick. The adder bites you.
You are more poisoned.
The adder poisons you!
The ball python bites you but does no damage.
The ball python constricts you. The adder closely misses you.
You shoot an arrow.
The arrow barely misses the ball python.
You feel sick. The ball python closely misses you.
The ball python constricts you. The adder bites you but does no damage.
The ball python bites you but does no damage.
The ball python constricts you.
You shoot an arrow.
The arrow closely misses the ball python.
You die...

######..#.#.#
#####.##.#...
#...........#
#............
###...........#
#.............#
##.#...........#
#..#......).....
##@############..
#SS# ..
#..........
.............
#..............
#...).........#
..............#
.(............#
.>.$...####....


You could see an adder and a ball python.

Vanquished Creatures
  An adder (D:2)
  A dart slug (D:2)
  A ribbon worm (D:2)
  2 endoplasms (D:1)
  3 goblins
  3 hobgoblins (D:1)
  A quokka (D:2)
  4 ball pythons
  A bat (D:1)
  A frilled lizard (D:1)
  2 kobolds (D:1)
  3 rats (D:1)
23 creatures vanquished.

Notes
Turn   | Place    | Note
-------+----------+-------------------------------------------
     0 | D:1      | qw the Deep Elf Hunter began the quest for the Orb.
     0 | D:1      | Reached XP level 1. HP: 12/12 MP: 3/3
     0 | D:1      | 0 ||| qw: Version: 0.3-a-160-g6735b56
     0 | D:1      | 0 ||| qw: Game counter: 5627
     0 | D:1      | 0 ||| qw: Melee chars always use a shield: true
     0 | D:1      | 0 ||| qw: God list: Okawaru
     0 | D:1      | 0 ||| qw: Allow faded altars: false
     0 | D:1      | 0 ||| qw: Do Orc after clearing Dungeon:15 true
     0 | D:1      | 0 ||| qw: Do second Lair branch before Depths: true
     0 | D:1      | 0 ||| qw: Lair rune preference: random
     0 | D:1      | 0 ||| qw: Goals: Normal
     0 | D:1      | 0 ||| PLANNING D:1-11
   164 | D:1      | Reached XP level 2. HP: 16/16 MP: 4/4
   199 | D:1      | Reached skill level 6 in Ranged Weapons
   343 | D:1      | Found a faded altar of an unknown god.
   454 | D:1      | 454 ||| UPGRADING to +0 ring mail.
   464 | D:1      | 464 ||| DROPPING +0 leather armour.
   465 | D:1      | 465 ||| UPGRADING to ring of positive energy.
   466 | D:1      | 466 ||| READING 2 scrolls labelled FIAG FUREW.
   466 | D:1      | 466 ||| IDENTIFYING cyan potion
   467 | D:1      | 467 ||| READING scroll of identify.
   467 | D:1      | 467 ||| IDENTIFYING golden potion
   468 | D:1      | 468 ||| READING scroll labelled APHUINWIOFF.
   469 | D:1      | 469 ||| READING scroll labelled YVVEGOTIWK.
   470 | D:1      | 470 ||| DROPPING scroll of butterflies.
   471 | D:1      | 471 ||| DROPPING potion of magic.
   556 | D:2      | 556 ||| RETREEEEATING.
   562 | D:2      | Reached XP level 3. HP: 8/20 MP: 5/5
   565 | D:2      | HP: 5/20 [poisoned by an adder]
   565 | D:2      | HP: 2/20 [adder (3)]
   567 | D:2      | Succumbed to an adder's poison

Levels and vault maps discovered:
D:1:      ldierk_walled_garden_2, layout_basic,
          shapermc_ecumenical_altar_pompeii, st_stairs_9
D:2:      layout_basic

Skill      XL: |  1  2 |
---------------+-------+-----
Ranged Weapons | 6 |  6.8
Fighting       | |  1.5
Dodging        | |  2.4
Stealth        | |  1.2

Action                     || total
---------------------------++-------
   Fire: Shortbow          ||    50
    Use: Scroll            ||     4
 Armour: Ring mail         ||    16
         Leather armour    ||     2
  Dodge: Dodged            ||    14

Table legend:
 A = Non-vault XP
 B = Vault XP
 C = Vault XP percentage of total XP
 D = Non-vault monster count
 E = Vault monster count
 F = Vault count percentage of total count
                 A         B        C        D         E       F
            +---------+---------+-------+---------+---------+-------
      Total |      47 |       4 |   7.8 |      21 |       2 |   8.7
            +---------+---------+-------+---------+---------+-------
        D:1 |      21 |       4 |  16.0 |      15 |       2 |  11.8
        D:2 |      26 |       0 |   0.0 |       6 |       0 |   0.0
            +---------+---------+-------+---------+---------+-------
